[Event "Titled Tuesday Blitz May 10 Early 2022"]
[White "Kadric, Denis"]
[Black "Sjugirov, Sanan"]
[WhiteFideId "14403803"]
[BlackFideId "4189302"]
[WhiteElo "2657"]
[BlackElo "2602"]
[Result "0-1"]
[Round "06"]
[TimeControl "180+1"]
[Date "2022.05.10"]
[WhiteClock "0:00:15"]
[BlackClock "0:00:46"]

1. e4 c5 2. Nf3 d6 3. d4 cxd4 4. Nxd4 Nf6 5. Nc3 a6 6. Be3 e5 7. Nb3 Be7 8. h3 Be6 9. Qf3 O-O 10. O-O-O b5 11. g4 b4 12. Nd5 Nxd5 13. exd5 Bc8 14. Kb1 a5 15. Nd2 a4 16. Bd3 Ba6 17. Bf5 Nd7 18. Ne4 b3 19. cxb3 axb3 20. a3 Nb6 21. g5 Nc4 22. Bxh7+ Kxh7 23. Qh5+ Kg8 24. Rhg1 Bc8 25. Rg4 Bxg4 26. hxg4 Qc8 27. Rc1 Qa6 28. Rh1 Nxa3+ 29. Kc1 Rfc8+ 30. Bc5 Bxg5+ 31. Kd1 Qd3+ 0-1


[Site "https://www.chess.com"]

[Event "Titled Tuesday Blitz May 10 Early 2022"]
[White "Kamsky, Gata"]
[Black "Gurevich, Dmitry"]
[WhiteFideId "2000024"]
[BlackFideId "2000407"]
[WhiteElo "2645"]
[BlackElo "2506"]
[Result "1-0"]
[Round "06"]
[TimeControl "180+1"]
[Date "2022.05.10"]
[WhiteClock "0:00:34"]
[BlackClock "0:01:06"]

1. e4 c5 2. Nf3 d6 3. d4 cxd4 4. Nxd4 Nf6 5. Nc3 Nc6 6. Bg5 e6 7. Qd2 Be7 8. O-O-O O-O 9. f3 Nxd4 10. Qxd4 a6 11. h4 b5 12. Bd3 Bb7 13. Kb1 Rc8 14. g4 Qc7 15. Bc1 Qc5 16. Ne2 Nd7 17. Qxc5 Nxc5 18. Bg5 f6 19. Be3 d5 20. Bxc5 Bxc5 21. Nf4 dxe4 22. Bxe4 Bxe4 23. fxe4 Rfe8 24. Rd7 Be3 25. Nh5 Red8 26. Rxg7+ Kh8 27. Re7 Bd4 28. g5 f5 29. Rxe6 Rf8 30. c3 Bc5 31. Nf6 b4 32. exf5 bxc3 33. bxc3 Rb8+ 34. Kc2 Rb7 35. Rb1 Rc7 36. Rbe1 Bb4 37. Nd5 1-0


[Site "https://www.chess.com"]

[Event "Titled Tuesday Blitz May 10 Early 2022"]
[White "Karacsonyi, Gellert"]
[Black "Sychev, Klementy"]
[WhiteFideId "764620"]
[BlackFideId "4114060"]
[WhiteElo "2187"]
[BlackElo "2564"]
[Result "1-0"]
[Round "06"]
[TimeControl "180+1"]
[Date "2022.05.10"]
[WhiteClock "0:01:38"]
[BlackClock "0:01:48"]

1. e4 c5 2. Nf3 d6 3. d4 cxd4 4. Nxd4 Nf6 5. Nc3 a6 6. Bc4 e6 7. O-O Be7 8. Bb3 O-O 9. f4 b5 10. e5 dxe5 11. fxe5 Nfd7 12. Qg4 Nxe5 13. Qe4 Nbc6 14. Nxc6 Nxc6 15. Qxc6 Rb8 16. Qf3 Bb7 17. Qg3 e5 18. Be3 Bh4 19. Qg4 Bc8 20. Qh5 g6 21. Qxe5 1-0


[Site "https://www.chess.com"]

[Event "Titled Tuesday Blitz May 10 Early 2022"]
[White "Karolczuk, Iwo"]
[Black "Johnson, Ben"]
[WhiteFideId "21816972"]
[BlackFideId "2010917"]
[WhiteElo "2258"]
[BlackElo "2240"]
[Result "1-0"]
[Round "06"]
[TimeControl "180+1"]
[Date "2022.05.11"]
[WhiteClock "0:00:07"]
[BlackClock "0:00:01"]

1. e4 c5 2. Nf3 Nc6 3. Bb5 g6 4. Bxc6 bxc6 5. O-O Bg7 6. Re1 Qc7 7. c3 d6 8. d4 cxd4 9. cxd4 Nf6 10. Nc3 O-O 11. h3 c5 12. e5 dxe5 13. dxe5 Rd8 14. Qa4 Nh5 15. Ne4 Bh8 16. Neg5 Bb7 17. Qg4 Ng7 18. Bf4 Nf5 19. e6 f6 20. Bxc7 Rdc8 21. Nf7 Rxc7 22. Nh4 Nxh4 23. Qxh4 Bg7 24. Nh6+ Bxh6 25. Qxh6 Bd5 26. Rad1 Bxa2 27. Rd7 Rxd7 28. exd7 e5 29. Qh4 Kg7 30. Rd1 1-0


[Site "https://www.chess.com"]

[Event "Titled Tuesday Blitz May 10 Early 2022"]
[White "Kazarian, Anna-Maja"]
[Black "Winkels, Marcel"]
[WhiteFideId "1033689"]
[BlackFideId "1003887"]
[WhiteElo "2004"]
[BlackElo "1900"]
[Result "1-0"]
[Round "06"]
[TimeControl "180+1"]
[Date "2022.05.11"]
[WhiteClock "0:00:01"]
[BlackClock "0:00:05"]

1. e4 c5 2. Nf3 d6 3. d4 cxd4 4. Nxd4 Nf6 5. Nc3 a6 6. Be3 e5 7. Nb3 Be6 8. Qd2 Nbd7 9. O-O-O Be7 10. f3 h5 11. Kb1 Rc8 12. Nd5 Nxd5 13. exd5 Bf5 14. Bd3 Bxd3 15. Qxd3 Bg5 16. Bf2 O-O 17. h4 Bf6 18. g4 Re8 19. g5 Be7 20. g6 fxg6 21. Qxg6 Rf8 22. Rhg1 Bf6 23. Qxh5 Qe8 24. Qg4 e4 25. Qxe4 Ne5 26. Bd4 Rc4 27. Rde1 Qb5 28. f4 Rxd4 29. Nxd4 Qb4 30. fxe5 Bxe5 31. c3 Qc4 32. Nb3 Qb5 33. c4 Qb4 34. Ref1 Rc8 35. Qf5 Rc7 36. Qf8+ Kh7 37. Rf5 1-0


[Site "https://www.chess.com"]

[Event "Titled Tuesday Blitz May 10 Early 2022"]
[White "Khabinets, Ivan"]
[Black "Cherniaiev, Tykhon"]
[WhiteFideId "14115980"]
[BlackFideId "14182360"]
[WhiteElo "2114"]
[BlackElo "2289"]
[Result "1-0"]
[Round "06"]
[TimeControl "180+1"]
[Date "2022.05.11"]
[WhiteClock "0:00:39"]
[BlackClock "0:00:02"]

1. e4 c5 2. Nf3 e6 3. g3 d5 4. exd5 exd5 5. Bg2 Nf6 6. O-O Be7 7. Re1 O-O 8. d3 Nc6 9. c4 dxc4 10. dxc4 Be6 11. b3 Nb4 12. Nc3 Ng4 13. h3 Bf6 14. Bd2 Nxf2 15. Kxf2 Nd3+ 16. Kg1 Nxe1 17. Qxe1 Re8 18. Qf2 Qd3 19. Bf1 Qg6 20. Re1 Rad8 21. Ne4 Bd4 22. Nxd4 cxd4 23. Bd3 Bxh3 24. Bg5 Qh5 25. Bxd8 Rxd8 26. Qf4 Bg4 27. Nf2 Be6 28. Re5 Qh6 29. Qxh6 gxh6 30. Kf1 Kg7 31. Ne4 Re8 32. Kf2 b6 33. Nd6 Rd8 34. Nf5+ Kf6 35. Rb5 Rb8 36. Nxd4 a6 37. Rh5 Rd8 38. Ke3 Bg4 39. Rxh6+ Kg5 40. Rxh7 Re8+ 41. Kd2 f5 42. Be2 Rd8 43. Kc3 Bxe2 44. Nxe2 Kg4 45. Rg7+ Kf3 46. Nd4+ Ke4 47. Rf7 Ke3 48. Nxf5+ Ke2 49. Nd4+ Kd1 50. Rf1# 1-0


[Site "https://www.chess.com"]

[Event "Titled Tuesday Blitz May 10 Early 2022"]
[White "Kohler, Aran"]
[Black "Vlassov, Nikolai"]
[WhiteFideId "1002856"]
[BlackFideId "4103360"]
[WhiteElo "2304"]
[BlackElo "2407"]
[Result "0-1"]
[Round "06"]
[TimeControl "180+1"]
[Date "2022.05.11"]
[WhiteClock "0:00:02"]
[BlackClock "0:00:09"]

1. d4 Nf6 2. c3 c5 3. Bg5 Ne4 4. Bh4 g5 5. f3 gxh4 6. fxe4 Qb6 7. Qd2 Bh6 8. e3 Nc6 9. Nf3 h3 10. g3 d6 11. Na3 Bg4 12. Nc4 Qc7 13. Be2 b5 14. Na3 b4 15. Nc2 bxc3 16. bxc3 Rb8 17. O-O O-O 18. Rab1 Qa5 19. d5 Bxf3 20. Bxf3 Ne5 21. Be2 Qxa2 22. Ra1 Qb3 23. Rxa7 Ng6 24. Rfa1 Bg7 25. R7a3 Qb2 26. R1a2 Qb1+ 27. Bd1 Ne5 28. Kf2 Nc4 29. Qe2 Nxa3 30. Nxa3 Qc1 31. Nc4 Rb1 32. Bc2 Qg1+ 33. Kf3 Rf1+ 34. Kg4 Rf2 35. Qd3 h5+ 36. Kxh5 Rf6 37. e5 Rh6+ 38. Kg4 Qxh2 39. Qh7+ Rxh7 40. Bxh7+ Kxh7 41. Rxh2 dxe5 42. Rxh3+ Kg6 43. e4 Ra8 44. Rh2 Ra4 45. Nd2 Bh6 46. c4 Ra3 47. Nf3 f6 48. Rc2 Re3 49. Nd2 Re2 50. Rb2 Rxd2 51. Rb7 Rd4 52. Rxe7 Rxe4+ 53. Kf3 Rxc4 54. d6 e4+ 55. Kg4 f5+ 56. Kh3 Rd4 57. d7 Bg5 58. Re6+ Kf7 59. Rc6 Rxd7 60. Rxc5 Ke6 61. g4 fxg4+ 62. Kxg4 Bd2 63. Rc6+ Ke5 64. Rc2 Rg7+ 0-1


[Site "https://www.chess.com"]

[Event "Titled Tuesday Blitz May 10 Early 2022"]
[White "Kosteniuk, Alexandra"]
[Black "Bintang, Rasyid A. Hidayat"]
[WhiteFideId "4128125"]
[BlackFideId "7105355"]
[WhiteElo "2469"]
[BlackElo "2445"]
[Result "1/2-1/2"]
[Round "06"]
[TimeControl "180+1"]
[Date "2022.05.11"]
[WhiteClock "0:00:37"]
[BlackClock "0:00:09"]

1. e4 d5 2. exd5 Nf6 3. Nf3 Nxd5 4. d4 Bg4 5. Be2 e6 6. O-O Nc6 7. Nbd2 Be7 8. Ne4 O-O 9. c3 f5 10. Ng3 Kh8 11. h3 Bxf3 12. Bxf3 Bg5 13. c4 Nb6 14. Bxc6 bxc6 15. b3 Bf6 16. Bb2 c5 17. Ne2 cxd4 18. Bxd4 e5 19. Bc5 Re8 20. Qc2 e4 21. Rad1 Qc8 22. Nf4 g6 23. Nd5 Nxd5 24. Rxd5 Qe6 25. Rfd1 Rad8 26. Bxa7 Rxd5 27. Rxd5 c6 28. Rd1 Ra8 29. Be3 g5 30. Bd4 Kg7 31. Qb2 Qd6 32. Bxf6+ Qxf6 33. Rd7+ Kg6 34. Qd2 Re8 35. a4 Qa1+ 36. Qd1 Qxd1+ 37. Rxd1 Rb8 38. Rb1 c5 39. a5 Kf6 40. a6 Ra8 41. Ra1 Ke6 42. Kf1 Kd6 43. Ke2 Kc6 44. f3 exf3+ 45. Kxf3 Kb6 46. h4 h6 47. hxg5 hxg5 48. Rh1 Kxa6 49. Rh5 Rg8 50. Rh6+ Ka5 51. Rc6 Kb4 52. Rb6+ Kc3 53. Rb5 Kd4 54. Rb6 Kc3 55. g3 Rd8 56. Rf6 Rd3+ 57. Kg2 f4 58. gxf4 gxf4 59. Rf5 Kxb3 60. Rxc5 f3+ 61. Kf2 Kb4 62. Rf5 Rc3 63. Rxf3 Rxf3+ 64. Kxf3 Kxc4 1/2-1/2


[Site "https://www.chess.com"]

[Event "Titled Tuesday Blitz May 10 Early 2022"]
[White "Kovalenko, Igor"]
[Black "Kazakouski, Valery"]
[WhiteFideId "14117908"]
[BlackFideId "13507443"]
[WhiteElo "2560"]
[BlackElo "2524"]
[Result "0-1"]
[Round "06"]
[TimeControl "180+1"]
[Date "2022.05.10"]
[WhiteClock "0:00:04"]
[BlackClock "0:00:03"]

1. c4 e6 2. Nc3 d5 3. d4 a6 4. cxd5 exd5 5. Nf3 Nf6 6. Bg5 Be6 7. e3 Nbd7 8. Bd3 Bd6 9. O-O h6 10. Bf4 Qe7 11. Bxd6 Qxd6 12. h3 O-O 13. Qc2 Rfe8 14. Rac1 Rac8 15. Na4 Ne4 16. Bxe4 dxe4 17. Nd2 f5 18. Nc5 Nxc5 19. Qxc5 b6 20. Qc6 Bd5 21. Qa4 f4 22. Rc3 Rf8 23. exf4 Rxf4 24. Re3 a5 25. Nc4 Qf6 26. Ne5 Qe6 27. Rg3 c5 28. Rd1 c4 29. Qd7 Qxd7 30. Nxd7 Rc6 31. a4 g5 32. Rd2 Kg7 33. Rc3 Rc7 34. Ne5 Rf8 35. b3 Rfc8 36. bxc4 Kf6 37. Rb2 Rb7 38. c5 Kf5 39. Kh2 bxc5 40. Rxb7 Bxb7 41. Nf7 Ke6 42. Nxh6 cxd4 43. Rb3 Bd5 44. Rb2 d3 45. Ng4 Rc2 46. Rb6+ Ke7 47. Ne3 Bc4 48. Kg3 Rc1 49. Rc6 d2 50. Rc5 Bd3 51. Rxa5 d1=Q 52. Nxd1 Rxd1 53. Rxg5 Ra1 54. a5 Kf6 55. h4 Ra3 56. Kf4 Ra2 57. Ke3 Ra3 58. Kf4 Ra2 59. f3 exf3 60. gxf3 Bg6 61. Rc5 Ra4+ 62. Kg3 Bf5 63. Rc6+ Kg7 64. a6 Bg6 65. Rc7+ Bf7 66. a7 Kf6 67. h5 Bxh5 68. f4 Bf7 69. Kg4 Be6+ 70. Kf3 Bd5+ 71. Kf2 Kf5 72. Ke3 Ra3+ 0-1


[Site "https://www.chess.com"]

[Event "Titled Tuesday Blitz May 10 Early 2022"]
[White "Krstulovic, Alex"]
[Black "Shtyka, Sergey"]
[WhiteFideId "760056"]
[BlackFideId "4138465"]
[WhiteElo "2193"]
[BlackElo "2014"]
[Result "0-1"]
[Round "06"]
[TimeControl "180+1"]
[Date "2022.05.11"]
[WhiteClock "0:00:06"]
[BlackClock "0:00:04"]

1. e4 c5 2. Nf3 d6 3. c3 Nf6 4. Bc4 e6 5. d3 Be7 6. O-O O-O 7. Bg5 d5 8. exd5 Nxd5 9. Bxe7 Qxe7 10. Re1 Qf6 11. Nbd2 b6 12. Ne4 Qd8 13. a4 Bb7 14. a5 h6 15. d4 cxd4 16. Nxd4 Qc7 17. Bb3 Nd7 18. Nb5 Qf4 19. a6 Bc6 20. Nd4 Qc7 21. Qf3 Nc5 22. Bc2 Rad8 23. Rad1 Ba8 24. Nxc5 bxc5 25. Nb5 Qb6 26. c4 Nb4 27. Qc3 Nxa6 28. Ra1 Nb4 29. Rxa7 Nc6 30. Raa1 Nd4 31. Qd3 g6 32. Rad1 Nxb5 33. Qg3 Rxd1 34. Rxd1 Nd4 35. Bxg6 Ne2+ 0-1


[Site "https://www.chess.com"]

[Event "Titled Tuesday Blitz May 10 Early 2022"]
[White "Lamaze, Simon"]
[Black "Polanco Nunez, Yoel Estarling"]
[WhiteFideId "36069264"]
[BlackFideId "6401783"]
[WhiteElo "1999"]
[BlackElo "2132"]
[Result "0-1"]
[Round "06"]
[TimeControl "180+1"]
[Date "2022.05.11"]
[WhiteClock "0:00:12"]
[BlackClock "0:00:19"]

1. d4 Nf6 2. c4 e6 3. Nc3 Bb4 4. e3 O-O 5. Ne2 c6 6. a3 Ba5 7. b4 Bc7 8. e4 d5 9. e5 Nfd7 10. Nf4 Qe7 11. Qc2 f6 12. cxd5 fxe5 13. Nxe6 exd4 14. Bc4 Nb6 15. Bg5 Qe8 16. Bb3 dxc3 17. O-O Bxe6 18. dxe6 Nd5 19. Rae1 Qh5 20. f4 h6 21. e7 Re8 22. Qf5 Qf7 23. Qxf7+ Kxf7 24. Bh4 Nd7 25. g4 Bd6 26. g5 Bxe7 27. Bc2 Bd6 28. Bg3 Rxe1 29. Rxe1 Bxf4 30. Rf1 hxg5 31. h4 Kg8 32. Be1 Ne3 0-1


[Site "https://www.chess.com"]

[Event "Titled Tuesday Blitz May 10 Early 2022"]
[White "Lauridsen, Jesper Morch"]
[Black "Buscar, Michael"]
[WhiteFideId "1401890"]
[BlackFideId "2603616"]
[WhiteElo "2226"]
[BlackElo "2010"]
[Result "0-1"]
[Round "06"]
[TimeControl "180+1"]
[Date "2022.05.11"]
[WhiteClock "0:00:11"]
[BlackClock "0:00:15"]

1. e4 c5 2. Nf3 Nc6 3. d4 cxd4 4. Nxd4 Nf6 5. Nc3 e5 6. Ndb5 h6 7. Nd5 Nxd5 8. exd5 a6 9. Nc3 Nd4 10. Be3 Nf5 11. Bd2 d6 12. Bd3 g6 13. O-O Bg7 14. f4 O-O 15. Kh1 Re8 16. fxe5 Rxe5 17. Bf4 Ne3 18. Qf3 Bg4 19. Qg3 Nxf1 20. Rxf1 h5 21. Bxe5 Bxe5 22. Qf2 Qe7 23. Ne4 Kg7 24. c3 Rf8 25. Ng3 Qh4 26. Nf5+ Bxf5 27. Qxh4 Bxd3 28. Re1 Bf5 29. Qe7 b5 30. Rxe5 dxe5 31. Qxe5+ Kg8 32. d6 Rd8 33. Qe7 Rd7 34. Qe8+ Kg7 35. Qb8 Kf6 36. Qb6 Ke6 37. Qxa6 Rxd6 38. Qxb5 Rd1+ 0-1


[Site "https://www.chess.com"]

[Event "Titled Tuesday Blitz May 10 Early 2022"]
[White "Legenia, Artem"]
[Black "Martin Duque, Jesus"]
[WhiteFideId "14136945"]
[BlackFideId "2208954"]
[WhiteElo "1936"]
[BlackElo "2243"]
[Result "1-0"]
[Round "06"]
[TimeControl "180+1"]
[Date "2022.05.11"]
[WhiteClock "0:01:36"]
[BlackClock "0:01:03"]

1. d4 Nf6 2. Nf3 b6 3. Bf4 Bb7 4. e3 g6 5. h3 Bg7 6. Bd3 O-O 7. O-O d6 8. Nbd2 Nbd7 9. c3 Re8 10. Bh2 e5 11. dxe5 dxe5 12. Bb5 Qe7 13. Qa4 Nc5 14. Qa3 c6 15. Bc4 Nd5 16. Nb3 Ne4 17. Qxe7 Rxe7 18. Rad1 Rd8 19. a4 a5 20. Nfd2 Nd6 21. Be2 Kf8 22. c4 Nb4 23. c5 Nc8 24. Ne4 Ke8 25. cxb6 f5 26. Nec5 1-0


[Site "https://www.chess.com"]

[Event "Titled Tuesday Blitz May 10 Early 2022"]
[White "Maevsky, Nikolay"]
[Black "Matinian, Nikita"]
[WhiteFideId "4198220"]
[BlackFideId "24129100"]
[WhiteElo "2149"]
[BlackElo "2422"]
[Result "1-0"]
[Round "06"]
[TimeControl "180+1"]
[Date "2022.05.11"]
[WhiteClock "0:01:12"]
[BlackClock "0:00:53"]

1. d4 Nf6 2. Nf3 g6 3. c4 Bg7 4. Nc3 O-O 5. e4 d6 6. Be2 e5 7. d5 a5 8. Bg5 h6 9. Be3 Ng4 10. Bd2 f5 11. h3 Nf6 12. exf5 gxf5 13. Qc1 f4 14. g3 e4 15. Nh4 e3 16. fxe3 fxg3 17. Ng6 Nbd7 18. Nxf8 Nxf8 19. Qc2 N6d7 20. O-O-O Ne5 21. Rdg1 Qh4 22. Qe4 Qf6 23. Rxg3 Bf5 24. Qg2 Nfg6 25. Rg1 Kh8 26. e4 Nh4 27. Qf2 Bh7 28. Qxf6 Bxf6 29. Bxh6 Nhg6 30. Bg5 Bg7 31. h4 Rf8 32. h5 Nh4 1-0


[Site "https://www.chess.com"]

[Event "Titled Tuesday Blitz May 10 Early 2022"]
[White "Maksimenko, Viktor"]
[Black "Stribuk, Artiom"]
[WhiteFideId "13710478"]
[BlackFideId "13515659"]
[WhiteElo "2269"]
[BlackElo "2259"]
[Result "0-1"]
[Round "06"]
[TimeControl "180+1"]
[Date "2022.05.11"]
[WhiteClock "0:00:11"]
[BlackClock "0:00:26"]

1. c4 g6 2. d4 Nf6 3. Nf3 c5 4. d5 b5 5. cxb5 a6 6. bxa6 Bg7 7. Nc3 O-O 8. e4 Qa5 9. Bd2 Bxa6 10. Bxa6 Qxa6 11. Qe2 d6 12. Qxa6 Nxa6 13. Ke2 Nd7 14. Rhb1 Nb6 15. Nd1 f5 16. Ng5 fxe4 17. Ne6 Rfb8 18. Nxg7 Kxg7 19. Ne3 Nc7 20. b4 cxb4 21. Rxb4 Nbxd5 22. Rxe4 Rb2 23. Nxd5 Nxd5 24. Rd4 Raxa2 25. Rxa2 Nc3+ 26. Kd3 Nxa2 27. Rc4 Kf7 28. Rh4 h5 29. Rf4+ Ke6 30. Re4+ Kd7 31. Ra4 e5 32. f3 Ke6 33. h4 Kd5 34. Ra5+ Kc6 35. Ra6+ Kc5 36. Ra5+ Kc6 37. Ra6+ Kd5 38. Ra5+ Ke6 39. Ra4 Kf7 40. Ra7+ Kf6 41. Bg5+ Ke6 42. Bd2 Nb4+ 43. Kc3 Rc2+ 0-1


[Site "https://www.chess.com"]

[Event "Titled Tuesday Blitz May 10 Early 2022"]
[White "Maksimovic, Bojan"]
[Black "Le, Tuan Minh"]
[WhiteFideId "14408120"]
[BlackFideId "12401153"]
[WhiteElo "2448"]
[BlackElo "2450"]
[Result "0-1"]
[Round "06"]
[TimeControl "180+1"]
[Date "2022.05.10"]
[WhiteClock "0:00:02"]
[BlackClock "0:00:05"]

1. e4 c5 2. Nf3 Nf6 3. Nc3 d5 4. exd5 Nxd5 5. Bb5+ Bd7 6. Bxd7+ Qxd7 7. Nxd5 Qxd5 8. d4 e6 9. Be3 c4 10. O-O Bd6 11. b3 Nd7 12. bxc4 Qxc4 13. Nd2 Qc7 14. h3 O-O 15. c4 Rac8 16. Qf3 Bb4 17. Rac1 Qc6 18. Ne4 Be7 19. Rfd1 f5 20. d5 Qa6 21. d6 fxe4 22. Qxe4 Bf6 23. Qxe6+ Rf7 24. c5 Qc6 25. Rb1 Nf8 26. Qb3 Qd7 27. Qd5 Qe6 28. Qd2 h6 29. Rb3 Qd7 30. Rdb1 Qc6 31. Qd3 Ne6 32. Qf5 Nd4 33. Bxd4 Bxd4 34. Qe6 Bxf2+ 35. Kh1 Qd7 36. Qxd7 Rxd7 37. Rxb7 Rdd8 38. Rc7 Kh7 39. Rbb7 Rxc7 40. Rxc7 Bg3 41. Rxa7 Re8 42. Re7 Rb8 43. Re1 Bxe1 44. c6 Ba5 45. c7 Bxc7 46. dxc7 Rc8 0-1


[Site "https://www.chess.com"]

[Event "Titled Tuesday Blitz May 10 Early 2022"]
[White "Mammadzada, Gunay"]
[Black "Shyaamnikhil P"]
[WhiteFideId "13403729"]
[BlackFideId "5024218"]
[WhiteElo "2242"]
[BlackElo "2329"]
[Result "0-1"]
[Round "06"]
[TimeControl "180+1"]
[Date "2022.05.11"]
[WhiteClock "0:00:12"]
[BlackClock "0:00:35"]

1. Nf3 c5 2. e4 Nc6 3. d4 cxd4 4. Nxd4 Nf6 5. Nc3 e5 6. Ndb5 h6 7. Nd5 Nxd5 8. exd5 a6 9. dxc6 axb5 10. cxd7+ Bxd7 11. Bd3 Bc6 12. O-O Qd5 13. Qg4 h5 14. Qh3 e4 15. Re1 f5 16. f3 Bc5+ 17. Kh1 O-O 18. Be2 Rae8 19. Bf4 Qf7 20. a3 g6 21. Rad1 Re7 22. fxe4 Rxe4 23. Bd2 Bf2 24. Bf3 Bxe1 25. Bxe4 fxe4 0-1


[Site "https://www.chess.com"]

[Event "Titled Tuesday Blitz May 10 Early 2022"]
[White "Manukian, Artak"]
[Black "Hamley, Ryan"]
[WhiteFideId "13301373"]
[BlackFideId "30959497"]
[WhiteElo "2408"]
[BlackElo "2511"]
[Result "0-1"]
[Round "06"]
[TimeControl "180+1"]
[Date "2022.05.11"]
[WhiteClock "0:00:01"]
[BlackClock "0:00:55"]

1. e4 c6 2. d4 g6 3. Nc3 d5 4. exd5 cxd5 5. h3 Bg7 6. Nf3 Nc6 7. Bb5 Nf6 8. Bg5 O-O 9. Qd2 Ne4 10. Nxe4 dxe4 11. Bxc6 bxc6 12. Ne5 f6 13. Nxc6 Qd6 14. Nxe7+ Qxe7 15. Be3 Ba6 16. O-O-O f5 17. g3 Rab8 18. Kb1 Rfd8 19. Qa5 Qb7 20. b3 Rd5 21. Qa3 Rbd8 22. Rhe1 Bxd4 23. Bxd4 Rxd4 24. Rxd4 Rxd4 25. f3 Kf7 26. Qc5 Qd7 27. fxe4 Rxe4 28. Rxe4 fxe4 29. Qf2+ Kg8 30. a4 Kg7 31. Qf4 Qe7 32. Qe3 Bc8 33. g4 a5 34. Kb2 Bb7 35. Kc3 Qb4+ 0-1


[Site "https://www.chess.com"]

[Event "Titled Tuesday Blitz May 10 Early 2022"]
[White "Marin Ramirez, Gerardo"]
[Black "Pourkashiyan, Atousa"]
[WhiteFideId "3901068"]
[BlackFideId "12502014"]
[WhiteElo "1920"]
[BlackElo "2247"]
[Result "0-1"]
[Round "06"]
[TimeControl "180+1"]
[Date "2022.05.11"]
[WhiteClock "0:00:31"]
[BlackClock "0:00:35"]

1. d4 Nf6 2. Nf3 e6 3. g3 b6 4. Bg2 Bb7 5. O-O Be7 6. c4 O-O 7. Nc3 Ne4 8. Qc2 f5 9. Nd2 d5 10. cxd5 exd5 11. Nf3 Nd7 12. Rd1 Ndf6 13. Bf4 Ng4 14. Rf1 c5 15. Ne5 cxd4 16. Nxe4 dxe4 17. Qb3+ Bd5 18. Qa4 Nxe5 19. Bxe5 d3 20. exd3 exd3 21. Rfd1 Bxg2 22. Kxg2 Qd5+ 23. Kg1 Qxe5 24. Rxd3 Bc5 25. Rad1 Qxb2 26. Qf4 Qxa2 27. Rd7 Rf7 28. R7d2 Qe6 29. Qf3 Raf8 30. Re2 Qc4 31. Rde1 a5 32. h4 a4 33. h5 h6 34. Re6 a3 35. Re8 a2 36. Rxf8+ Rxf8 37. Qc6 Bxf2+ 38. Kxf2 Qxc6 0-1


[Site "https://www.chess.com"]

[Event "Titled Tuesday Blitz May 10 Early 2022"]
[White "Martin Carmona, Gaston Manuel"]
[Black "Gatterer, Florian"]
[WhiteFideId "22284567"]
[BlackFideId "811688"]
[WhiteElo "2162"]
[BlackElo "2218"]
[Result "1-0"]
[Round "06"]
[TimeControl "180+1"]
[Date "2022.05.11"]
[WhiteClock "0:00:42"]
[BlackClock "0:00:02"]

1. e4 c5 2. Nf3 Nc6 3. d4 cxd4 4. Nxd4 Nf6 5. Nc3 e5 6. Ndb5 d6 7. Bg5 a6 8. Na3 b5 9. Nd5 Be7 10. Bxf6 Bxf6 11. c4 b4 12. Nc2 O-O 13. g3 Bg5 14. Bg2 a5 15. O-O Be6 16. Qd3 Bxd5 17. Qxd5 Qc7 18. f4 Bf6 19. f5 Nd4 20. Nxd4 exd4 21. Rac1 Rac8 22. Rfd1 Qc5 23. h4 Be5 24. Kf2 a4 25. Bf1 Rc7 26. Bd3 Kh8 27. Kf3 Rfc8 28. g4 Qxd5 29. exd5 f6 30. Re1 Rc5 31. Ke4 Kg8 32. Bf1 R8c7 33. Kd3 Re7 34. Re4 Kf8 35. Rce1 Rec7 36. Rc1 Re7 37. g5 Rcc7 38. Be2 h6 39. Rg1 Bh2 40. Rg2 Rxe4 41. Kxe4 Re7+ 42. Kd3 Be5 43. gxh6 gxh6 44. Bf3 a3 45. bxa3 bxa3 46. Rg6 Rb7 47. Rxh6 Rb2 48. c5 dxc5 49. d6 Bxd6 50. Rxf6+ Ke7 51. Re6+ Kd7 52. Re2 c4+ 53. Kxd4 c3 54. Kxc3 Rxe2 55. Bxe2 Be7 56. h5 Bg5 57. Kd4 Kd6 58. Ke4 Ke7 59. Ke5 Bf6+ 60. Kf4 1-0


[Site "https://www.chess.com"]

[Event "Titled Tuesday Blitz May 10 Early 2022"]
[White "Martinez Alcantara, Jose Eduardo"]
[Black "Wagner, Dennis"]
[WhiteFideId "3805662"]
[BlackFideId "24650684"]
[WhiteElo "2690"]
[BlackElo "2355"]
[Result "0-1"]
[Round "06"]
[TimeControl "180+1"]
[Date "2022.05.10"]
[WhiteClock "0:00:15"]
[BlackClock "0:00:10"]

1. e4 c5 2. Nf3 d6 3. c3 Nf6 4. h3 g6 5. Bd3 Bg7 6. Bc2 O-O 7. d4 e5 8. dxe5 dxe5 9. Qxd8 Rxd8 10. Be3 b6 11. Nbd2 Bb7 12. O-O-O Nbd7 13. Rhe1 h6 14. Nh2 b5 15. Ng4 h5 16. Nh2 c4 17. Nhf3 Bf8 18. Bg5 Kg7 19. Nf1 Bc5 20. Ne3 Re8 21. Re2 Nb6 22. Nd2 Nfd7 23. Bh4 f6 24. Bg3 Nf8 25. f4 exf4 26. Bxf4 Ne6 27. Bh2 Rad8 28. Rde1 Ng5 29. e5 fxe5 30. Nef1 Nf7 31. Ne4 Be7 32. Nfd2 Nd5 33. Rf2 Nf4 34. Ref1 Ng5 35. Kb1 Nge6 36. h4 Rf8 37. Rf3 Nc5 38. Re3 Nfd3 39. Rd1 Nxe4 40. Nxe4 Bxh4 41. Bxd3 Rxd3 42. Bxe5+ Kh7 43. Rdxd3 cxd3 44. Kc1 Bxe4 45. Rxe4 Bg5+ 46. Kd1 Rf1+ 47. Re1 Rf2 48. Re4 Rxg2 49. Bd4 Rxb2 50. Ke1 d2+ 51. Ke2 Rb1 52. Re8 d1=Q+ 53. Kf2 Qf1+ 54. Kg3 Bf4+ 55. Kh4 Qh1# 0-1


[Site "https://www.chess.com"]

[Event "Titled Tuesday Blitz May 10 Early 2022"]
[White "Maximov, Dmitry"]
[Black "Lazavik, Denis"]
[WhiteFideId "14105659"]
[BlackFideId "13515110"]
[WhiteElo "2494"]
[BlackElo "2437"]
[Result "0-1"]
[Round "06"]
[TimeControl "180+1"]
[Date "2022.05.10"]
[WhiteClock "0:00:09"]
[BlackClock "0:00:04"]

1. e4 e5 2. Nf3 Nc6 3. Bb5 a6 4. Ba4 Nf6 5. O-O Be7 6. Re1 b5 7. Bb3 d6 8. c3 O-O 9. h3 Bb7 10. d3 Nb8 11. Nbd2 Nbd7 12. Nf1 Nc5 13. Bc2 Re8 14. Ng3 Bf8 15. Nh2 g6 16. Qf3 Bg7 17. Be3 Ne6 18. Rad1 d5 19. Bc1 c5 20. Ng4 Nxg4 21. Qxg4 Qc7 22. Bb3 Rad8 23. Qf3 c4 24. dxc4 dxe4 25. Qe2 Rxd1 26. Rxd1 Nf4 27. Qf1 e3 28. fxe3 Bxg2 29. Qe1 Bc6 30. cxb5 Nxh3+ 31. Kf1 axb5 32. e4 Nf4 33. Be3 h5 34. Qf2 h4 35. Ne2 Nxe2 36. Kxe2 Bxe4 37. Qxh4 Qb7 38. Rf1 Bd5 39. Qb4 Bxb3 40. axb3 Qd7 41. Rd1 Qc6 42. Rg1 e4 43. Qc5 Qd7 44. Rd1 Qg4+ 45. Ke1 Qf3 46. Rd7 Re5 47. Rd8+ Kh7 48. Qa7 Rh5 49. Rd2 Rh1+ 50. Bg1 e3 51. Rh2+ Rxh2 52. Bxh2 Qh1+ 53. Ke2 Qxh2+ 54. Kd3 Qd2+ 55. Ke4 e2 0-1


[Site "https://www.chess.com"]

[Event "Titled Tuesday Blitz May 10 Early 2022"]
[White "Melian, Juan Sebastian"]
[Black "Morefield, Jason"]
[WhiteFideId "3706575"]
[BlackFideId "30920825"]
[WhiteElo "1851"]
[BlackElo "2171"]
[Result "1-0"]
[Round "06"]
[TimeControl "180+1"]
[Date "2022.05.11"]
[WhiteClock "0:00:09"]
[BlackClock "0:00:08"]

1. c4 Nf6 2. Nc3 b6 3. Nf3 Bb7 4. e3 g6 5. d4 Bg7 6. b3 O-O 7. Bb2 c5 8. Be2 cxd4 9. Qxd4 Ne4 10. Qd3 Nc5 11. Qc2 Nc6 12. a3 a5 13. O-O f5 14. Rad1 e6 15. Nb5 Bxb2 16. Qxb2 Qe7 17. Nd6 Rab8 18. b4 axb4 19. axb4 Ne4 20. Nxb7 Rxb7 21. Rb1 Qg7 22. Qxg7+ Kxg7 23. Rfc1 Kf6 24. Nd4 Rc8 25. Bf3 Nd2 26. Bxc6 dxc6 27. Rb2 Ne4 28. Ra2 c5 29. bxc5 Rxc5 30. Nb3 Rc8 31. f3 Nd6 32. Nd2 Rbc7 33. Rb2 b5 34. Rbc2 bxc4 35. Nb1 Rb8 36. Nd2 Rb4 37. Kf2 e5 38. Ke2 Ke6 39. e4 f4 40. Nb1 Nb5 41. Rd2 Nd4+ 42. Kd1 Rcb7 43. Nc3 Rb3 44. Nd5 Rb1 45. Ra2 Rxc1+ 46. Kxc1 Rd7 47. Ra6+ Rd6 48. Ra7 Nc6 49. Rc7 g5 50. Rxh7 Rxd5 51. exd5+ Kxd5 52. Rg7 Nd4 53. Rxg5 c3 54. Rg8 Kc4 55. Rc8+ Kd3 56. Rd8 c2 57. h4 Kc3 58. Rc8+ Kd3 59. Rd8 Kc3 60. Rc8+ Kd3 61. h5 Ne2+ 62. Kb2 c1=Q+ 63. Rxc1 Nxc1 64. Kxc1 Ke2 65. h6 Kf2 66. h7 Kxg2 67. h8=Q Kxf3 68. Qxe5 Kg3 69. Kd2 Kf3 70. Ke1 Kg3 71. Qc3+ f3 72. Kf1 Kg4 73. Kf2 1-0


[Site "https://www.chess.com"]